 Dungeon Crawl Stone Soup version 0.20.0-7-g3b7b877 (webtiles) character file.

627 Minion the Cudgeler (level 7, -6/67 HPs)
             Began as a Troll Fighter on May 29, 2017.
             Shot with an arrow by a centaur (12 damage)
             ... on level 5 of the Dungeon.
             The game lasted 00:06:11 (3864 turns).

Minion the Cudgeler (Troll Fighter)                 Turns: 3864, Time: 00:06:11

Health: -6/67      AC:  5    Str: 27    XL:     7   Next: 23%
Magic:  6/6        EV: 11    Int:  4    God:
Gold:   298        SH:  0    Dex:  9    Spells: 6/6 levels left

rFire    . . .     SeeInvis .   u - +0 giant club
rCold    . . .     Gourm    +   (shield currently unavailable)
rNeg     . . .     Faith    .   b - +0 robe
rPois    .         Spirit   .   (helmet restricted)
rElec    .         Reflect  .   (no cloak)
rCorr    .         Harm     .   (gloves unavailable)
MR       .....                  (boots unavailable)
Stlth    +.........             (no amulet)
Regen    0.7/turn               (no ring)
MPRegen  0.1/turn               (no ring)

@: no status effects
A: unfitting armour, claws 3, fast metabolism 3, gourmand, regeneration 1,
shaggy fur 1, tough skin 2
a: no special abilities


You were on level 5 of the Dungeon.
You were completely stuffed.

You visited 1 branch of the dungeon, and saw 5 of its levels.

You collected 298 gold pieces.

Inventory:

Hand Weapons
 u - a +0 giant club (weapon)
Armour
 b - a +0 robe (worn)
Magical Staves
 w - an uncursed staff of energy
Jewellery
 j - an uncursed ring of protection from magic {unknown}
Wands
 x - a wand of random effects (27/48)
Scrolls
 c - 3 scrolls of amnesia {unknown}
 e - 2 scrolls of teleportation {unknown}
 h - 2 scrolls of remove curse {unknown}
 i - a scroll of enchant weapon {unknown}
 k - a scroll of fear {unknown}
 n - 2 scrolls of magic mapping {unknown}
 p - 4 scrolls of identify {unknown}
Potions
 d - 2 potions of might
 l - a potion of mutation {unknown}
 m - 2 potions of degeneration {unknown}
 q - 2 potions of heal wounds {unknown}
 r - a potion of berserk rage {unknown}
 s - a potion of haste {unknown}
 t - a potion of flight {unknown}
 v - a potion of lignification {unknown}
Comestibles
 a - 4 chunks of flesh
 f - 4 bread rations
 g - 2 royal jellies
 o - 2 meat rations


   Skills:
 + Level 3.6 Fighting
 * Level 4.7 Maces & Flails
 + Level 2.8 Armour
 + Level 3.8 Dodging
   Level 2.4 Shields


You had 6 spell levels left.
You didn't know any spells.

Dungeon Overview and Level Annotations

Branches:
Dungeon (5/15)             Temple (0/1) D:5

Altars:

Annotations:
D:4 1 runed door


Innate Abilities, Weirdness & Mutations

You are too large for most types of armour.
You have claws for hands.
Your metabolism is lightning-fast.
You like to eat raw meat.
Your natural rate of healing is unusually fast.
You are covered in fur. (AC +1)
You have very tough skin. (AC +2)


Message History

* * * LOW HITPOINT WARNING * * *
You closely miss the orc priest.
The orc priest is severely wounded.
The orc priest hits you with a hand axe.
* * * LOW HITPOINT WARNING * * *
You completely miss the orc priest.
The orc priest is severely wounded.
The orc priest hits you with a hand axe.
* * * LOW HITPOINT WARNING * * *
You hit the orc priest.
The orc priest is almost dead.
The orc priest calls down the wrath of Beogh upon you.
Beogh smites you!
* * * LOW HITPOINT WARNING * * *
The orc priest hits you with a hand axe.
* * * LOW HITPOINT WARNING * * *
You bludgeon the orc priest!!
You kill the orc priest!
The centaur wields a shortbow.
The centaur shoots an arrow.
The arrow hits you!
You die...

####
#.########.##..#≈#.....#≈#.
...####.#
#..#.##..#≈≈≈≈≈≈≈≈≈#
##.#....#
#..#.##..###.....###
#.#.####
#..#.###............ #.#.#
# #..#.# ##.....######
#.#.# #.##..#.####....##
#.#.# #.....#........##
#.#.# #.....######### #.#.#
#.....@)c..... #.#.#
#.....######## #...#
####### #####


You could see a centaur.

Vanquished Creatures
  An ogre (D:4)
  A scorpion (D:5)
  A howler monkey (D:4)
  A crimson imp (D:5)
  A hound (D:4)
  An orc priest (D:5)
  A bullfrog skeleton (D:5)
  3 orc wizards
  2 worker ants
  A hound skeleton (D:4)
  A worker ant zombie (D:5)
  3 gnolls
  5 adders
  An ooze (D:1)
  A worm (D:3)
  A dart slug (D:2)
  3 leopard geckos
  15 orcs
  6 bats
  5 giant cockroaches
  6 goblins
  7 hobgoblins
  7 jackals
  2 ball pythons
  7 frilled lizards
  4 kobolds
  9 rats
96 creatures vanquished.

Notes
Turn   | Place    | Note
-------+----------+-------------------------------------------
     0 | D:1      | Minion the Troll Fighter began the quest for the Orb.
     0 | D:1      | Reached XP level 1. HP: 22/22 MP: 0/0
    75 | D:1      | Reached skill level 2 in Maces & Flails
   113 | D:1      | Reached XP level 2. HP: 17/29 MP: 1/1
   842 | D:2      | Reached XP level 3. HP: 36/36 MP: 2/2
   860 | D:2      | Reached skill level 1 in Armour
  1410 | D:3      | Reached XP level 4. HP: 25/44 MP: 3/3
  1908 | D:3      | Reached skill level 3 in Maces & Flails
  2063 | D:3      | Reached XP level 5. HP: 15/53 MP: 4/4
  2907 | D:4      | Reached XP level 6. HP: 50/61 MP: 5/5
  3065 | D:4      | Found a runed door.
  3325 | D:4      | Reached skill level 4 in Maces & Flails
  3521 | D:5      | Entered Level 5 of the Dungeon
  3745 | D:5      | Reached XP level 7. HP: 65/67 MP: 6/6
  3830 | D:5      | Found a staircase to the Ecumenical Temple.
  3864 | D:5      | Shot with an arrow by a centaur

Skill      XL: |  1  2  3  4  5  6 |
---------------+-------------------+-----
Maces & Flails | 2 3 4 |  4.7
Armour         | 1 2 |  2.8
Dodging        | 3 |  3.8
Fighting       | 3 |  3.6
Shields        | |  2.4

Action                   |  1- 3 |  4- 6 |  7- 9 || total
-------------------------+-------+-------+-------++-------
Melee: Flail             |   144 |   206 |       ||   350
       Giant club        |       |    33 |    24 ||    57
  Eat: Chunk             |    19 |    22 |     1 ||    42
Armor: Robe              |    67 |    85 |     4 ||   156
Dodge: Dodged            |    97 |   139 |     8 ||   244
